 Dungeon Crawl Stone Soup version 0.27-a0-988-g25969acef8 (webtiles) character file.

Game seed: 15920385274351584304

10 Demosthentine the Poker (level 2, 0/23 HPs)
             Began as a Merfolk Gladiator on Apr 15, 2021.
             Slain by a jackal (3 damage)
             ... on level 1 of the Dungeon.
             The game lasted 00:00:44 (538 turns).

Demosthentine the Poker (Merfolk Gladiator)          Turns: 538, Time: 00:00:44

Health: 0/23       AC:  4    Str: 14    XL:     2   Next: 20%
Magic:  2/2        EV: 13    Int:  7    God:
Gold:   21         SH:  0    Dex: 15    Spells: 1/1 levels left

rFire    . . .     SeeInvis .   a - +0 trident
rCold    . . .     Faith    .   (no shield)
rNeg     . . .     Spirit   .   b - +0 leather armour
rPois    .         Reflect  .   c - +0 helmet
rElec    .         Harm     .   (no cloak)
rCorr    .         Rampage  .   (no gloves)
Will     .....                  (no boots)
Stlth    +.........             (no amulet)
HPRegen  0.07/turn              (no ring)
MPRegen  0.08/turn              (no ring)

@: no status effects
A: (nimble swimmer 2), mertail
a: no special abilities


You were on level 1 of the Dungeon.
You visited 1 branch of the dungeon, and saw 1 of its levels.

You collected 21 gold pieces.

Inventory:

Hand Weapons
 a - a +0 trident (weapon)
Missiles
 d - 3 throwing nets (quivered)
Armour
 b - a +0 leather armour (worn)
 c - a +0 helmet (worn)
Scrolls
 f - a scroll of teleportation {unknown}
Potions
 e - a potion of heal wounds {unknown}
 g - a potion of lignification {unknown}


   Skills:
 + Level 2.4 Fighting
 + Level 4.6 Polearms
 - Level 2.0 Throwing
 + Level 0.3 Armour
 + Level 4.2 Dodging


You had one spell level left.
You didn't know any spells.
Your spell library was empty.

Dungeon Overview and Level Annotations

Branches:
Dungeon (1/15)

Altars:


Innate Abilities, Weirdness & Mutations

((You are quick and stealthy near water. (Stealth+, EV+, Speed+++)))
Your lower body shifts to a powerful aquatic tail in water.


Message History

The jackal closely misses you. The jackal barely misses you.
The jackal closely misses you.
You completely miss the jackal. The jackal bites you. x2
Unknown command.
You are too injured to fight recklessly!
You are too injured to fight recklessly!
You are too injured to fight recklessly!
You are too injured to fight recklessly!
You are too injured to fight recklessly!
The jackal misses you. x2
The jackal barely misses you. The jackal misses you.
You puncture the jackal!
You kill the jackal!
You hit the jackal.
The jackal is lightly wounded.
The jackal bites you. The jackal misses you.
You miss the jackal.
The jackal is lightly wounded.
The jackal bites you but does no damage.
The jackal misses you.
You hit the jackal.
The jackal is moderately wounded.
The jackal barely misses you.
You hit the jackal.
The jackal is heavily wounded.
The jackal bites you.
* * * LOW HITPOINT WARNING * * *
The jackal bites you but does no damage.
You hit the jackal.
The jackal is almost dead.
The jackal bites you.
* * * LOW HITPOINT WARNING * * *
You closely miss the jackal.
The jackal is almost dead.
The jackal closely misses you. The jackal barely misses you.
You hit the jackal but do no damage.
The jackal is almost dead.
The jackal bites you.
You die...

...(... ########..####.#
#.......### #.........
#.......# #.......### .#
########.......#.# .#
.............>.#.# ..
≈≈♣P≈≈♣♣♣.......@# .#
≈♣≈≈≈♣≈≈≈♣♣≈♣..#h# ..#
≈≈≈≈P≈P≈≈♣♣♣♣P≈#K##..####
≈≈≈≈≈≈≈≈≈≈≈≈≈♣♣≈..†......
≈≈≈≈≈≈≈≈♣≈≈≈≈≈♣♣.........
≈≈≈≈≈≈≈≈≈≈≈≈≈≈≈♣♣.#..##.#
≈≈≈≈≈≈≈≈≈≈≈≈≈♣P ♣≈#.....
≈≈≈≈≈≈≈≈≈≈≈≈≈≈P ♣♣# .##.#
≈≈≈≈≈≈≈≈≈≈≈≈P≈≈ . .


You could see a jackal and a kobold.

Vanquished Creatures
  An endoplasm (D:1)
  A goblin (D:1)
  A hobgoblin (D:1)
  3 jackals (D:1)
  A bat (D:1)
  A kobold (D:1)
  A rat (D:1)
9 creatures vanquished.

Notes
Turn   | Place    | Note
-------+----------+-------------------------------------------
     0 | D:1      | Demosthentine the Merfolk Gladiator began the quest for the
                  | Orb.
     0 | D:1      | Reached XP level 1. HP: 16/16 MP: 1/1
   281 | D:1      | Found a faded altar of an unknown god.
   513 | D:1      | Reached XP level 2. HP: 20/23 MP: 2/2
   538 | D:1      | Slain by a jackal

Illustrated notes

Levels and vault maps discovered:
D:1:      mrwooster_arrival_statue, layout_basic,
          shapermc_ecumenical_altar_notcrosses, serial_bayou_lake_a

Action                   || total
-------------------------++-------
Melee: Trident           ||    40
Armor: Leather armour    ||     9
Dodge: Dodged            ||    50

Table legend: (Time is in decaauts)
 A = Elapsed time spent in this place.
 B = Non-inter-level travel time spent in this place.
 C = Inter-level travel time spent in this place.
 D = Time resting spent in this place.
 E = Time spent auto-exploring this place.
 F = Levels seen in this place.
 G = Mean time per level.
                   A        B        C        D        E       F      G
               +--------+--------+--------+--------+--------+-----+--------+
         Total |    534 |    534 |      0 |      0 |    471 |   1 |  534.0 |
       Dungeon |    534 |    534 |      0 |      0 |    471 |   1 |  534.0 |
               +--------+--------+--------+--------+--------+-----+--------+

Top non-repeatable levels by time:
     D:1: 534 daAuts
